 Dungeon Crawl Stone Soup version 0.25-a0-834-g55863b0b92 (webtiles) character file.

Game seed: 11919733187066273110, levelgen mode: deterministic

256 kae the Gusty (level 6, -1/32 HPs)
             Began as a Tengu Air Elementalist on Apr 22, 2020.
             Was a Follower of Vehumet.
             Slain by an orc wizard
             ... wielding a +0 dagger
              (4 damage)
             ... on level 4 of the Dungeon.
             The game lasted 00:03:23 (4024 turns).

kae the Gusty (Tengu Air Elementalist)              Turns: 4024, Time: 00:03:23

Health: -1/32      AC:  2    Str:  8    XL:     6   Next: 16%
Magic:  10/12      EV: 13    Int: 17    God:    Vehumet [*.....]
Gold:   190        SH:  0    Dex: 15    Spells: 7/11 levels left

rFire    . . .     SeeInvis .   e - +0 whip (drain)
rCold    . . .     Gourm    .   (no shield)
rNeg     . . .     Faith    .   a - +0 robe
rPois    .         Spirit   .   (helmet restricted)
rElec    .         Reflect  .   (no cloak)
rCorr    .         Harm     .   (no gloves)
MR       .....                  (boots unavailable)
Stlth    ++........             (no amulet)
HPRegen  0.10/turn              (no ring)
MPRegen  0.13/turn              (no ring)

@: no status effects
A: beak, talons 3, able to fly
a: Fly, Renounce Religion


You were on level 4 of the Dungeon.
You worshipped Vehumet.
Vehumet was aware of your devotion.
You were not hungry.

You visited 1 branch of the dungeon, and saw 4 of its levels.

You collected 190 gold pieces.

Inventory:

Hand Weapons
 e - a +0 whip of draining (weapon)
Armour
 a - a +0 robe (worn)
Jewellery
 h - an uncursed amulet of rage
Scrolls
 g - a scroll of magic mapping
Potions
 b - 3 potions of curing
 d - a potion of cancellation {unknown}
 j - a potion of magic {unknown}
 k - a potion of mutation {unknown}
Comestibles
 c - 4 rations
 f - 2 chunks of flesh


   Skills:
 - Level 2.1 Dodging
 - Level 2.0 Stealth
 + Level 3.3 Spellcasting
 + Level 5.5 Conjurations
 + Level 5.6 Air Magic


You had 7 spell levels left.
You knew the following spells:

 Your Spells              Type           Power        Failure   Level  Hunger
a - Shock                 Conj/Air       ###.         1%          1    None
b - Static Discharge      Conj/Air       ###.....     5%          3    ###....

Your spell library contained the following spells:

 Spells                   Type           Power        Failure   Level  Hunger
 Freeze                   Ice            #...         17%         1    None
 Swiftness                Chrm/Air       ##......     9%          2    ##.....
 Airstrike                Air            ###.......   17%         4    ####...
 Lightning Bolt           Conj/Air       ###.......   43%         5    ######.


Dungeon Overview and Level Annotations

Branches:
Dungeon (4/15)
 Temple: D:4-7

Altars:
Cheibriados
Fedhas
Okawaru
Uskayaw
Vehumet


Innate Abilities, Weirdness & Mutations

You have a beak for a mouth.
You have claws for feet.
You can fly continuously.


Message History

You're too confused to cast spells.
You're too confused to cast spells.
You bump into the rock wall.
Something hits you.
You bump into the rock wall.
Something hits you.
You bump into the rock wall.
Something hits you.
The orc priest invokes the aid of Beogh against you.
Beogh smites you! Something hits you.
* * * LOW HITPOINT WARNING * * *
In your confused state, you trip and fall back down the stairs.
* * * LOW HITPOINT WARNING * * *
Something hits you.
* * * LOW HITPOINT WARNING * * *
Something hits you.
* * * LOW HITPOINT WARNING * * *
In your confused state, you trip and fall back down the stairs.
* * * LOW HITPOINT WARNING * * *
You feel less confused. Something hits you.
You die...

*,,,,, *,,,,*
****** **** *,,,
###############..%
#@{oo..)..........
###############...
*,,, *,,, ****


You could see an orc priest and an orc.

Vanquished Creatures
  An orc priest (D:4)
  Jessica (D:3)
  A worker ant (D:4)
  3 gnolls (D:2)
  5 adders
  An ooze (D:2)
  A worm (D:3)
  2 dart slugs
  3 leopard geckos
  6 orcs
  11 bats
  5 giant cockroaches
  11 goblins
  7 hobgoblins
  7 jackals
  7 kobolds
  2 quokkas
  8 frilled lizards
  8 rats
90 creatures vanquished.

Notes
Turn   | Place    | Note
-------+----------+-------------------------------------------
     0 | D:1      | kae the Tengu Air Elementalist began the quest for the Orb.
     0 | D:1      | Reached XP level 1. HP: 10/10 MP: 4/4
   295 | D:1      | Reached XP level 2. HP: 7/15 MP: 0/6
   958 | D:1      | Reached XP level 3. HP: 11/19 MP: 0/7
  1649 | D:1      | Learned a level 3 spell: Static Discharge
  1742 | D:2      | Found an iron altar of Okawaru.
  1798 | D:2      | Found a radiant altar of Vehumet.
  1835 | D:2      | Found a faded altar of an unknown god.
  1841 | D:2      | Reached XP level 4. HP: 17/24 MP: 8/8
  1963 | D:2      | Became a worshipper of Vehumet
  2104 | D:2      | Found a hide-covered altar of Uskayaw.
  2191 | D:2      | Found a blossoming altar of Fedhas.
  2676 | D:2      | Reached skill level 5 in Air Magic
  2676 | D:2      | Gained mutation: You can fly continuously. [Tengu growth]
  2676 | D:2      | Reached XP level 5. HP: 28/28 MP: 2/10
  3111 | D:3      | Found a snail-covered altar of Cheibriados.
  3111 | D:3      | Noticed Jessica
  3118 | D:3      | Killed Jessica
  3256 | D:3      | Reached * piety under Vehumet
  3256 | D:3      | Offered knowledge of Freeze by Vehumet.
  3256 | D:3      | Reached skill level 5 in Conjurations
  3800 | D:4      | Reached XP level 6. HP: 32/32 MP: 6/11
  4024 | D:4      | Slain by an orc wizard

Levels and vault maps discovered:
D:1:      wander_arrival_chamber, layout_loops_ring
D:2:      layout_loops_ring, okawaru_metal_pillars_1_2,
          nicolae_overflow_crystal_walls, marbit_many_paths,
          fedhas_ov_isle_minmay, chequers_ecumenical_altar_island
D:3:      layout_loops_cross, old_standard_altar, minmay_unequal, uniq_jessica
D:4:      layout_basic, first_ration, uniq_blork_the_orc, uniq_eustachio,
          uniq_duvessa

Skill      XL: |  1  2  3  4  5 |
---------------+----------------+-----
Conjurations   | 2 3 4 5 |  5.5
Air Magic      | 5 |  5.6
Spellcasting   | 3 |  3.3
Dodging        | |  2.1
Stealth        | |  2.0

Action                   |  1- 3 |  4- 6 || total
-------------------------+-------+-------++-------
Melee: Unarmed           |    42 |       ||    42
       Peck              |     9 |     1 ||    10
       Kick              |    13 |     2 ||    15
       Whip              |     9 |     9 ||    18
 Cast: Shock             |    73 |   115 ||   188
  Use: Scroll            |     1 |     5 ||     6
 Stab: Sleeping          |     1 |     1 ||     2
  Eat: Chunk             |     4 |     7 ||    11
Armor: Robe              |    10 |     3 ||    13
Dodge: Dodged            |    41 |    15 ||    56

Table legend:
 A = Non-vault XP
 B = Vault XP
 C = Vault XP percentage of total XP
 D = Non-vault monster count
 E = Vault monster count
 F = Vault count percentage of total count
                 A         B        C        D         E       F
            +---------+---------+-------+---------+---------+-------
      Total |     323 |      44 |  12.0 |      85 |       5 |   5.6
            +---------+---------+-------+---------+---------+-------
        D:1 |      57 |       0 |   0.0 |      32 |       0 |   0.0
        D:2 |     128 |       2 |   1.5 |      32 |       1 |   3.0
        D:3 |      58 |      42 |  42.0 |      17 |       4 |  19.0
        D:4 |      80 |       0 |   0.0 |       4 |       0 |   0.0
            +---------+---------+-------+---------+---------+-------
